 Dungeon Crawl Stone Soup version 0.31-a0-1002-g8e65716e6e (webtiles) character file.

Game seed: 3054936917909132025

7 kae the Vexing (level 1, -4/13 HPs)
             Began as a Demonspawn Enchanter on Nov 9, 2023.
             Frozen to death by an endoplasm (5 damage)
             ... on level 1 of the Dungeon.
             The game lasted 00:00:09 (57 turns).

kae the Vexing (Demonspawn Enchanter)                 Turns: 57, Time: 00:00:10

Health: -4/13      AC:  2    Str:  8    XL:     1   Next: 83%
Magic:  3/3        EV: 12    Int: 16    God:
Gold:   6          SH:  0    Dex: 13    Spells: 4/4 levels left

rFire   . . .        a - +1 dagger
rCold   . . .        (no shield)
rNeg    . . .        b - +0 robe
rPois   .            (no helmet)
rElec   .            (no cloak)
rCorr   .            (no gloves)
SInv    .            (no boots)
Will    .....        (no amulet)
Stlth   ++           (no ring)
HPRegen 0.22/turn    (no ring)
MPRegen 0.08/turn

%: no passive effects
@: no status effects
A: no striking features
a: no special abilities


You were on level 1 of the Dungeon.
You visited 1 branch of the dungeon, and saw 1 of its levels.

You collected 6 gold pieces.


   Skills:
 + Level 0.2 Fighting
 * Level 1.2 Short Blades
 + Level 1.8 Dodging
 + Level 2.7 Stealth
 + Level 2.0 Spellcasting
 * Level 3.1 Hexes


You had 4 spell levels left.
You didn't know any spells.
Your spell library contained the following spells:

 Spells                   Type           Power      Damage    Failure   Level
 Ensorcelled Hibernation  Hex/Ice        12%        N/A       17%         2
 Confusing Touch          Hex            11%        N/A       17%         3
 Tukima's Dance           Hex            11%        N/A       17%         3
 Dazzling Flash           Conj/Hex       12%        N/A       32%         3

Inventory:

Hand Weapons
 a - a +1 dagger (weapon)
Armour
 b - a +0 robe (worn)
Magical Staves
 d - a staff of earth {!a}
   (You found it on level 1 of the Dungeon)
Potions
 c - 2 potions of invisibility

Dungeon Overview and Level Annotations

Branches:
Dungeon (1/15) Zot: 5942

Altars:

## #...# #....# .###...##
#....# #####
.'.#....####....# ....#
.#.........#....# ....#
##.....#.#......# ....###
##.......##.....##......#
.........................
........##...........$...
.............##.@J.......
##..####......##.........
##.. #.................
.8. 8.##....#.........
#8. ...#.............. #.
.. .##..........
..#.###.......... ..#.
#.........


You could see an endoplasm.


Message History

You take 3 damage, and now have 10/13 hp.
MASSIVE DAMAGE!! (PAUSE)
An endoplasm is nearby!
You hit the endoplasm. The endoplasm completely misses you.
You hit the endoplasm.
You kill the endoplasm!
Your Short Blades skill increases to level 1! 😕 HP[+1]
You now have 6 gold pieces.
Found a stone staircase leading down. 😎 HP[+2]
Your hp is fully restored (13).
No target in view!
No target in view!
A ball python and a rat come into view.
The ball python hisses angrily.
A jackal comes into view.
There are monsters nearby!
The jackal barks!
The ball python completely misses you. The ball python misses you.
You hit the rat but do no damage. The rat bites you but does no damage.
An endoplasm comes into view.
The ball python barely misses you. x2
There are monsters nearby!
You hit the rat.
You kill the rat!
The ball python completely misses you. The ball python grabs you.
The ball python constricts you.
You hit the ball python.
You kill the ball python!
A jackal comes into view.
The jackal bites you but does no damage. 😕 HP[-1]
You take 1 damage, and now have 12/13 hp.
You closely miss the jackal. The jackal bites you.
The jackal barks!
You hit the jackal but do no damage. The jackal completely misses you.
You hit the jackal.
The jackal bites you but does no damage.
You closely miss the jackal. The jackal bites you.
The jackal bites you but does no damage. 😕 HP[-2]
You take 2 damage, and now have 10/13 hp.
You hit the jackal but do no damage. The jackal misses you.
The endoplasm hits you but does no damage.
You hit the jackal.
You kill the jackal!
The jackal closely misses you. The endoplasm closely misses you.
The jackal bites you.
You hit the jackal. The jackal barely misses you. The endoplasm freezes you.
You are frozen.
You are too injured to fight recklessly! 😮 HP[-1]
You take 1 damage, and now have 9/13 hp.
You are too injured to fight recklessly!
You are too injured to fight recklessly!
You are too injured to fight recklessly!
You are too injured to fight recklessly!
You are too injured to fight recklessly!
You are too injured to fight recklessly!
Unknown command.
You barely miss the jackal. The jackal misses you. The endoplasm freezes you.
You are frozen.
The jackal bites you.
* * * LOW HITPOINT WARNING * * *
😨 HP[-3]
You take 3 damage, and now have 6/13 hp.
MASSIVE DAMAGE!! (PAUSE)
You barely miss the jackal. The jackal closely misses you.
The endoplasm barely misses you.
Unknown command.
You closely miss the jackal.
The jackal bites you but does no damage.
The endoplasm freezes you.
You are frozen.
* * * LOW HITPOINT WARNING * * *
😨 HP[-2]
You take 2 damage, and now have 4/13 hp.
Unknown command.
You closely miss the jackal.
The jackal bites you but does no damage.
The jackal completely misses you. The endoplasm freezes you.
You are frozen.
* * * LOW HITPOINT WARNING * * *
😱 HP[-1]
You take 1 damage, and now have 3/13 hp.
Unknown command.
You hit the jackal.
You kill the jackal!
The endoplasm hits you.
* * * LOW HITPOINT WARNING * * *
😱 HP[-2]
You take 2 damage, and now have 1/13 hp.
Unknown command.
The endoplasm freezes you.
You are frozen.
You die...

Skill      XL: |  1 |
---------------+----+-----
Short Blades   | 1 |  1.2
Fighting       | |  0.2
Dodging        | |  1.8
Stealth        | |  2.7
Spellcasting   | |  2.0
Hexes          | |  3.1

Action                     || total
---------------------------++-------
  Melee: Dagger            ||    22
 Armour: Robe              ||    14
  Dodge: Dodged            ||    16

Levels and vault maps discovered:
D:1:      dpeg_arrival_tiny_h, layout_rooms, shapermc_ecumenical_altar_pompeii,
          minmay_surrounded

Notes
Turn   | Place    | Note
-------+----------+-------------------------------------------
     0 | D:1      | kae the Demonspawn Enchanter began the quest for the Orb.
     0 | D:1      | Reached XP level 1. HP: 13/13 MP: 3/3
     0 | D:1      | magus.rc [v1.11.3]
    24 | D:1      | Reached skill level 1 in Short Blades
    55 | D:1      | HP: 3/13 [frozen (2)]
    56 | D:1      | HP: 1/13 [endoplasm (2)]
    57 | D:1      | Frozen to death by an endoplasm

Vanquished Creatures
  An endoplasm (D:1)
  3 jackals (D:1)
  A ball python (D:1)
  A rat (D:1)
6 creatures vanquished.

Table legend:
 A = Non-vault XP
 B = Vault XP
 C = Vault XP percentage of total XP
 D = Non-vault monster count
 E = Vault monster count
 F = Vault count percentage of total count
                 A         B        C        D         E       F
            +---------+---------+-------+---------+---------+-------
      Total |      10 |       0 |   0.0 |       6 |       0 |   0.0
            +---------+---------+-------+---------+---------+-------
        D:1 |      10 |       0 |   0.0 |       6 |       0 |   0.0
            +---------+---------+-------+---------+---------+-------

Skill      XL: |  1 |
---------------+----+-----
Short Blades   | 1 |  1.2
Fighting       | |  0.2
Dodging        | |  1.8
Stealth        | |  2.7
Spellcasting   | |  2.0
Hexes          | |  3.1

Action                     || total
---------------------------++-------
  Melee: Dagger            ||    22
 Armour: Robe              ||    14
  Dodge: Dodged            ||    16

Illustrated notes

Table legend:
 A = Kills in this place as a percentage of kills in the entire game.
 B = Kills by you in this place as a percentage of kills by you in the entire game.
 C = Kills by friends in this place as a percentage of kills by friends in the entire game.
 D = Other kills in this place as a percentage of other kills in the entire game.
 E = Experience gained in this place as a percentage of experience gained in the entire game.
 F = Experience gained in this place divided by the number of levels of this place that you have seen.
                   A       B       C       D       E      F
               +-------+-------+-------+-------+-------+----------------------
         Total | 100.0 | 100.0 |   N/A |   N/A | 100.0 |  10.0
       Dungeon | 100.0 | 100.0 |   N/A |   N/A | 100.0 |  10.0
               +-------+-------+-------+-------+-------+----------------------

Table legend: (Time is in decaauts)
 A = Elapsed time spent in this place.
 B = Non-inter-level travel time spent in this place.
 C = Inter-level travel time spent in this place.
 D = Time resting spent in this place.
 E = Time spent auto-exploring this place.
 F = Levels seen in this place.
 G = Mean time per level.
                   A        B        C        D        E       F      G
               +--------+--------+--------+--------+--------+-----+--------+
         Total |     56 |     56 |      0 |      0 |     20 |   1 |   56.0 |
       Dungeon |     56 |     56 |      0 |      0 |     20 |   1 |   56.0 |
               +--------+--------+--------+--------+--------+-----+--------+

Top non-repeatable levels by time:
     D:1: 56 daAuts
